 Dungeon Crawl Stone Soup version 0.31-a0-345-g1ebeae05c6 (webtiles) character file.

Game seed: 6421472352255369421

53 porpoise the Ruffian (level 3, -4/28 HPs)
             Began as a Draconian Shapeshifter on July 23, 2023.
             Slain by Crazy Yiuf
             ... wielding a +2 quarterstaff of chaos
              (9 damage)
             ... on level 3 of the Dungeon.
             The game lasted 00:05:32 (1455 turns).

porpoise the Ruffian (Draconian Shapeshifter)       Turns: 1455, Time: 00:05:32

Health: -4/28      AC:  5    Str: 17    XL:     3   Next: 62%
Magic:  3/3        EV: 12    Int: 10    God:
Gold:   99         SH:  0    Dex: 11    Spells: 2/2 levels left

rFire   . .          .
                       - Unarmed
rCold   . . .        (no shield)
rNeg    . . .        (body armour unavailable)
rPois   .            (helmet currently unavailable)
rElec   .            (cloak currently unavailable)
rCorr   .            (gloves currently unavailable)
SInv    .            (boots currently unavailable)
Will    +....        (no amulet)
Stlth   +            e - ring of willpower
HPRegen 0.24/turn    (no ring)
MPRegen 0.08/turn

%: no passive effects
@: beast-form
A: beast (slay +2), AC +5, unfitting armour, cold-blooded
a: Begin Untransformation


You were on level 3 of the Dungeon.
You were a hulking beast.
You visited 1 branch of the dungeon, and saw 3 of its levels.

You collected 99 gold pieces.

Inventory:

Hand Weapons
 l - the +7 mace of Puebeex {vamp, *Noise +Blink rF++ rC+}
   (You found it on level 2 of the Dungeon)

   rF:        It greatly protects you from fire.
   rC:        It protects you from cold.
   +Blink:    It lets you blink.
   *Noise:    It may make noises in combat.
Missiles
 f - a throwing net
 h - 7 atropa-tipped darts
Jewellery
 e - a ring of willpower (left hand)
 m - an amulet of faith
Talismans
 b - a beast talisman
Scrolls
 c - a scroll of vulnerability {unknown}
 i - a scroll of noise {unknown}
 j - a scroll of amnesia {unknown}
 o - a scroll of fear
Potions
 a - a potion of lignification
 d - 2 potions of haste {unknown}
 g - 2 potions of might {unknown}
 k - 2 potions of degeneration {unknown}
 n - 2 potions of heal wounds {unknown}
 p - a potion of berserk rage {unknown}
 q - a potion of magic {unknown}


   Skills:
 + Level 1.2 Fighting
 - Level 1.7 Dodging
 * Level 3.9 Unarmed Combat
 + Level 3.6 Shapeshifting


You had 2 spell levels left.
You didn't know any spells.
Your spell library contained the following spells:

 Spells                   Type           Power      Damage    Failure   Level
 Blink                    Tloc           0%         N/A       50%         2
 Manifold Assault         Tloc           0%         N/A       98%         4


Dungeon Overview and Level Annotations

Branches:
Dungeon (3/15)

Altars:

Annotations:
D:3 Crazy Yiuf


Innate Abilities, Weirdness & Mutations

You are a hulking beast.
Your limbs bulge with bestial killing power. (Slay +2)
Your plain brown scales are hard. (AC +5)
You cannot fit into any form of body armour.
You are cold-blooded and may be slowed by cold attacks.


Message History

h - 7 atropa-tipped darts (gained 4)
Found a robe.
You see here a +0 robe.
You open the door.
A quokka comes into view.
The quokka bites you.
The quokka bites you but does no damage.
There is an open door here.
You hit the quokka.
The quokka is severely wounded.
The quokka bites you.
You closely miss the quokka. You punch the quokka.
You kill the quokka!
HP restored.
You open the door.
There is an open door here.
Found a mace.
A rat comes into view.
You barely miss the rat. The rat barely misses you.
You punch the rat!
You kill the rat!
q - a black potion
Found a runed translucent door.
As you open the door, it creaks loudly!
You barely miss Crazy Yiuf.
Crazy Yiuf hits you with a +2 quarterstaff of chaos!
You barely miss Crazy Yiuf. Crazy Yiuf misses you.
You hit Crazy Yiuf but do no damage. Crazy Yiuf barely misses you.
You punch Crazy Yiuf! You tail-slap Crazy Yiuf.
Crazy Yiuf is heavily wounded.
Crazy Yiuf screams, "Leather return to song disdain!"
Crazy Yiuf hits you with a +2 quarterstaff of chaos!
Ouch! That really hurt!
* * * LOW HITPOINT WARNING * * *
Crazy Yiuf draws strength from your wounds!
You closely miss Crazy Yiuf. Crazy Yiuf closely misses you.
You barely miss Crazy Yiuf. You tail-slap Crazy Yiuf.
Crazy Yiuf is moderately wounded.
Crazy Yiuf hits you with a +2 quarterstaff of chaos!
You die...

####
##..##
#....#
♣....♣
♣♣...♣
♣♣.♣♣
♣♣.♣
♣.♣♣
♣♣.♣
♣h♣♣
#g#
...
#...#
#)..#
#####


You could see Crazy Yiuf.

Vanquished Creatures
  A worm (D:2)
  2 dart slugs (D:2)
  A ball python (D:1)
  4 bats
  4 endoplasms
  2 giant cockroaches (D:1)
  3 goblins (D:1)
  3 hobgoblins (D:2)
  4 jackals (D:3)
  3 quokkas
  2 frilled lizards
  4 kobolds
  8 rats
41 creatures vanquished.

Notes
Turn   | Place    | Note
-------+----------+-------------------------------------------
     0 | D:1      | porpoise the Draconian Shapeshifter began the quest for the
                  | Orb.
     0 | D:1      | Reached XP level 1. HP: 16/16 MP: 1/1
   171 | D:1      | Reached XP level 2. HP: 23/23 MP: 2/2
   742 | D:2      | Reached XP level 3. HP: 25/28 MP: 3/3
   832 | D:2      | Identified the +7 mace of Puebeex {vamp, *Noise +Blink rF++
                  | rC+}
  1445 | D:3      | Found a runed translucent door.
  1446 | D:3      | Noticed Crazy Yiuf
  1455 | D:3      | Slain by Crazy Yiuf

Illustrated notes

Levels and vault maps discovered:
D:1:      minmay_arrival_open_corners, layout_rooms, glass_columns_a
D:2:      layout_rooms
D:3:      layout_loops_corners, evilmike_ruin_ashenzari, uniq_crazy_yiuf_cottage

Action                     || total
---------------------------++-------
  Melee: Unarmed           ||   108
         Tailslap          ||     9
         Punch             ||     3
Ability: Begin Untransform ||     1
    Use: Scroll            ||     1
 Armour: Skin              ||    24
  Dodge: Dodged            ||    44
   Form: Beast             ||     1

Table legend: (Time is in decaauts)
 A = Elapsed time spent in this place.
 B = Non-inter-level travel time spent in this place.
 C = Inter-level travel time spent in this place.
 D = Time resting spent in this place.
 E = Time spent auto-exploring this place.
 F = Levels seen in this place.
 G = Mean time per level.
                   A        B        C        D        E       F      G
               +--------+--------+--------+--------+--------+-----+--------+
         Total |   1449 |   1409 |     40 |    251 |    886 |   3 |  483.0 |
       Dungeon |   1449 |   1409 |     40 |    251 |    886 |   3 |  483.0 |
               +--------+--------+--------+--------+--------+-----+--------+

Top non-repeatable levels by time:
     D:1: 723 daAuts
     D:2: 546 daAuts
     D:3: 179 daAuts
